 Dungeon Crawl Stone Soup version 0.17-a0-491-gbd49765 (webtiles) character file.

62 Fluffy the Slasher (level 3, -4/27 HPs)
             Began as a Demonspawn Gladiator on Apr 9, 2015.
             Slain by a goblin
             ... wielding a +2 dagger of electrocution
             ... led by Robin
              (10 damage)
             ... on level 3 of the Dungeon.
             The game lasted 00:03:38 (2021 turns).

Fluffy the Slasher (Demonspawn Gladiator)           Turns: 2021, Time: 00:03:39

Health: -4/27      AC:  3    Str: 15    XL:     3   Next: 85%
Magic:  3/3        EV: 12    Int:  9    God:
Gold:   58         SH:  0    Dex: 16    Spells: 0 memorised, 2 levels left

rFire  . . .     SeeInvis .     a - +0 long sword
rCold  . . .     Clarity  +     b - +0 leather armour
rNeg   . . .     SustAb   .     (no shield)
rPois  .         Gourm    .     (helmet restricted)
rElec  .         Spirit   .     (no cloak)
rCorr  .         Warding  .     (no gloves)
rMut   .         Stasis   .     (no boots)
MR     .....                    r - amulet of clarity
Stlth  ++........               (no ring)
                                n - ring of flight

@: not resistant to hostile enchantments, unstealthy
A: horns 1, thin skeletal structure 1
a: Evoke Flight


You were on level 3 of the Dungeon.
You were hungry.

You visited 1 branch of the dungeon, and saw 3 of its levels.

You collected 58 gold pieces.

Inventory:

Hand weapons
 a - a +0 long sword (weapon)
Missiles
 d - 3 throwing nets (quivered)
Armour
 b - a +0 leather armour (worn)
Jewellery
 n - a ring of flight (left hand)
 r - an amulet of clarity (around neck)
Scrolls
 c - 4 scrolls of enchant armour {unknown}
 j - a scroll of enchant weapon {unknown}
 k - a scroll of immolation {unknown}
 o - 4 scrolls of identify {unknown}
 p - 2 scrolls of teleportation {unknown}
 q - a scroll of fog {unknown}
Potions
 e - 2 potions of curing {unknown}
 g - a potion of resistance {unknown}
 h - 2 potions of restore abilities {unknown}
 i - a potion of mutation {unknown}
 m - a potion of degeneration {unknown}
 s - a potion of might {unknown}
Comestibles
 f - 3 bread rations
 l - 3 royal jellies
 t - a beef jerky


   Skills:
 - Level 2.0 Fighting
 + Level 4.3 Long Blades
 - Level 1.7 Throwing
 - Level 2.6 Dodging


You had 2 spell levels left.
You didn't know any spells.

Dungeon Overview and Level Annotations

Branches:
Dungeon (3/15)

Altars:

Annotations:
D:3 Robin


Innate Abilities, Weirdness & Mutations

You have a pair of small horns on your head.
You have a somewhat thin skeletal structure (Dex +2, Stealth).


Message History

A goblin comes into view.
The goblin shouts! x2
You now have 58 gold pieces (gained 8).
There are no items here.
You are feeling hungry.
You barely miss the goblin. You headbutt the goblin.
You kill the goblin!
You hit the rat.
You kill the rat!
The goblin hits you with a dagger of electrocution.
You are electrocuted!
Ouch! That really hurt!
* * * LOW HITPOINT WARNING * * *
The goblin completely misses you.
Things that are here:
a club; a goblin corpse The goblin hits you with a dagger of electrocution.
* * * LOW HITPOINT WARNING * * *
You are electrocuted!
You die...

....♣♣♣♣....###..#)♣.....♣
......##....####.#.#.$...
...†...........#<#(♣.♣ .♣
.................#.#.# #.#
..#....†..##.....#.#.##..#
..........# ##♣.♣.......##
.....#....# ♣.♣#.......#
.....#....# ♣.♣ggg.....#
.....#....# #.@g#.....##
.....#....# #####g#####
####......# #g...#
....#.....# ##....#
##........# .g...#
........#<# .....#
......#...... ...g.#
......####.## ...g.
......# .# g..g


You could see 4 goblins.

Vanquished Creatures
  An adder (D:3)
  A worm (D:2)
  3 giant geckos
  An ooze (D:1)
  An orc (D:3)
  6 bats
  2 giant cockroaches (D:1)
  3 hobgoblins
  2 quokkas
  A ball python (D:2)
  3 giant newts (D:1)
  8 goblins
  4 kobolds
  7 rats
43 creatures vanquished.

Notes
Turn   | Place    | Note
--------------------------------------------------------------
     0 | D:1      | Fluffy, the Demonspawn Gladiator, began the quest for the Orb.
     0 | D:1      | Reached XP level 1. HP: 16/16 MP: 1/1
   177 | D:1      | Reached skill level 3 in Long Blades
   284 | D:1      | Gained mutation: You have a somewhat thin skeletal structure (Dex +2, Stealth). [demonic ancestry]
   284 | D:1      | Reached XP level 2. HP: 20/22 MP: 2/2
  1114 | D:2      | Gained mutation: You have a pair of small horns on your head. [demonic ancestry]
  1114 | D:2      | Reached XP level 3. HP: 18/27 MP: 3/3
  1398 | D:2      | Reached skill level 4 in Long Blades
  2009 | D:3      | Noticed Robin
  2021 | D:3      | Slain by a goblin

Action                   || total
-------------------------++-------
Melee: Long sword        ||   100
 Stab: Sleeping          ||     2
  Eat: Chunk             ||     3
